 Dungeon Crawl Stone Soup version 0.23-a0-650-ga4d50d4 (webtiles) character file.

2440 dondy the Cleaver (level 9, -6/77 HPs)
             Began as a Hill Orc Monk on Jan 6, 2019.
             Was a Priest of Beogh.
             Killed from afar by a gargoyle (25 damage)
             ... with a stone arrow
             ... on level 8 of the Dungeon.
             The game lasted 00:27:15 (9251 turns).

dondy the Cleaver (Hill Orc Monk)                   Turns: 9251, Time: 00:27:17

Health: -6/77      AC: 14    Str: 17    XL:     9   Next: 49%
Magic:  9/10       EV:  8    Int: 10    God:    Beogh [***...]
Gold:   238        SH:  0    Dex: 13    Spells: 8/8 levels left

rFire    . . .     SeeInvis +   b - +0 war axe
rCold    + . .     Gourm    .   (no shield)
rNeg     . . .     Faith    .   v - +0 chain mail {rC+}
rPois    .         Spirit   .   (no helmet)
rElec    .         Reflect  .   o - +0 cloak (curse)
rCorr    .         Harm     .   (no gloves)
MR       +....                  r - +2 pair of boots {run}
Stlth    ..........             (no amulet)
HPRegen  0.22/turn              f - ring of see invisible
MPRegen  0.12/turn              d - ring of protection from magic

@: quick
A: no striking features
a: Smiting, Renounce Religion


You were on level 8 of the Dungeon.
You worshipped Beogh.
Beogh was most pleased with you.
You were not hungry.

You visited 1 branch of the dungeon, and saw 8 of its levels.

You collected 408 gold pieces.
You spent 170 gold pieces at shops.

Inventory:

Hand Weapons
 b - a +0 war axe (weapon)
 e - a +0 dagger of venom
Armour
 o - a cursed +0 cloak (worn)
 p - a +3 leather armour of cold resistance
 r - a +2 pair of boots of running (worn)
 v - a +0 chain mail of cold resistance (worn)
 C - a +0 plate armour
 D - a scarf of cloud immunity
Jewellery
 d - a ring of protection from magic (right hand)
 f - a ring of see invisible (left hand)
Wands
 m - a wand of random effects (14)
Scrolls
 g - 2 scrolls of remove curse
 i - 4 scrolls of fog {unknown}
 l - 4 scrolls of teleportation {unknown}
 n - 4 scrolls of enchant armour {unknown}
 t - 2 scrolls of blinking {unknown}
 u - 2 scrolls of magic mapping {unknown}
 w - 2 scrolls of fear {unknown}
 y - 2 scrolls of enchant weapon {unknown}
 z - a scroll of immolation {unknown}
 B - 2 scrolls of identify
Potions
 a - 2 potions of mutation
 h - 2 potions of invisibility {unknown}
 j - 2 potions of brilliance
 k - 3 potions of heal wounds
 s - a potion of curing {unknown}
 x - a potion of flight {unknown}
Comestibles
 c - 11 rations
 A - 9 chunks of flesh


   Skills:
 + Level 6.3 Fighting
 + Level 13.1 Axes
 + Level 5.8 Armour
 + Level 2.9 Dodging
 - Level 1.5 Stealth
 + Level 1.3 Evocations


You had 8 spell levels left.
You didn't know any spells.
Your spell library contained the following spells:

 Spells                   Type           Power        Failure   Level  Hunger
 Beastly Appendage        Tmut           #.....       99%         1    ##.....
 Sticks to Snakes         Tmut           #.......     100%        2    ###....
 Spider Form              Tmut/Pois      #.........   100%        3    ####...
 Ice Form                 Ice/Tmut       #.......     100%        4    #####..
 Blade Hands              Tmut           #.........   100%        5    ######.


Dungeon Overview and Level Annotations

Branches:
Dungeon (8/15)             Temple (0/1) D:6
   Lair: D:8-11

Altars:
Ashenzari
Dithmenos
Kikubaaqudgha
Makhleb
Okawaru
Trog
Vehumet
Yredelemnul
The Shining One

Shops:
D:4 [[?   D:5 =[[[

Annotations:
D:4 1 runed door, exclusion: door
D:6 Dowan, Duvessa
D:7 2 transporters, exclusion: downstairs, Menkaure


Message History

You see here a stone.
You slash the two-headed ogre!
The two-headed ogre is moderately wounded.
You slash the two-headed ogre!
The two-headed ogre is heavily wounded.
The two-headed ogre hits you but does no damage.
The two-headed ogre hits you with a +0 giant spiked club!
You hit the two-headed ogre.
The two-headed ogre is heavily wounded.
Your orc warrior barely misses the two-headed ogre.
You barely miss the two-headed ogre.
The two-headed ogre is heavily wounded.
You hit the gargoyle but do no damage.
Your orc warrior hits the two-headed ogre with a +0 war axe!
Your orc warrior hits the gargoyle with a +0 war axe!
The two-headed ogre hits you with a +0 giant spiked club! x2
* * * LOW HITPOINT WARNING * * *
The gargoyle hurls a stone arrow at you.
The stone arrow hits you!
You die...

### ... #.# #.# #.# #.#
###.###
####o....##############
##...o###......oo9......
##o.o.# #..#.##o@O(.....
'.o...# #..#.....##.....
##........##.##.........
##..#.#...##..#..##..#..
#........##..##..# .# .
##.###..###...#..# ..
###.. .... #...##.. .
...### .# #.#.. ..# ##.#
#. #..


You could see a two-headed ogre, a gargoyle, 2 friendly orc warriors and a
friendly orc.

Vanquished Creatures
  A two-headed ogre (D:7)
  Grinder (D:6)
  Eustachio (D:6)
  2 orc warriors (D:5)
  An ogre (D:4)
  A centaur (D:8)
  A bullfrog (D:5)
  A water moccasin zombie (D:8)
  A scorpion (D:4)
  2 wights (D:6)
  A jelly (D:7)
  4 crimson imps
  2 hounds
  A bullfrog skeleton (D:4)
  2 orc priests (D:6)
  An orc wizard (D:6)
  3 iguanas
  8 worker ants
  A worker ant zombie (D:7)
  6 gnolls
  8 adders
  5 oozes
  An adder zombie (D:5)
  2 worms
  2 dart slugs (D:1)
  3 leopard geckos
  9 orcs
  4 bats
  6 giant cockroaches
  8 goblins
  9 hobgoblins
  2 quokkas
  A ball python (D:2)
  8 frilled lizards
  9 kobolds
  A leopard gecko zombie (D:2)
  A quokka skeleton (D:4)
  3 rats
123 creatures vanquished.

Vanquished Creatures (collateral kills)
  A phantom (D:8)
  An orc priest (D:8)
  An orc wizard (D:7)
  An iguana (D:7)
  A hound zombie (D:7)
  A shadow imp (D:6)
  2 leopard geckos
  4 jackals (D:8)
  A quokka (D:8)
13 creatures vanquished.

Vanquished Creatures (others)
  An orc warrior (D:7)
  An orc priest (D:4)
  An orc wizard (D:4)
  A leopard gecko (D:4)
  3 orcs
7 creatures vanquished.

Grand Total: 143 creatures vanquished

Notes
Turn   | Place    | Note
-------+----------+-------------------------------------------
     0 | D:1      | dondy the Hill Orc Monk began the quest for the Orb.
     0 | D:1      | Reached XP level 1. HP: 19/19 MP: 1/1
   348 | D:1      | Reached XP level 2. HP: 26/26 MP: 2/2
   386 | D:1      | Reached skill level 5 in Axes
   680 | D:1      | Reached XP level 3. HP: 20/31 MP: 3/3
   999 | D:2      | Reached skill level 6 in Axes
  1250 | D:3      | Reached XP level 4. HP: 39/39 MP: 4/4
  1276 | D:3      | Found a shadowy altar of Dithmenos.
  1915 | D:3      | Noticed a phantom
  1928 | D:4      | Reached skill level 7 in Axes
  2020 | D:5      | Entered Level 5 of the Dungeon
  2135 | D:4      | Found Qanax's Armour Emporium.
  2166 | D:4      | Reached XP level 5. HP: 12/45 MP: 5/5
  2168 | D:4      | Found Deong's Magic Scroll Shoppe.
  2435 | D:4      | Bought a scroll of noise for 11 gold pieces
  2435 | D:4      | Bought a scroll of identify for 22 gold pieces
  2435 | D:4      | Bought a scroll of random uselessness for 11 gold pieces
  2466 | D:4      | Reached skill level 8 in Axes
  2906 | D:5      | Reached skill level 9 in Axes
  2906 | D:5      | Reached XP level 6. HP: 46/51 MP: 6/6
  2986 | D:5      | Found Zumom's Jewellery Boutique.
  3004 | D:5      | Bought a cursed ring of teleportation for 63 gold pieces
  3004 | D:5      | Bought a cursed ring of attention for 63 gold pieces
  3020 | D:4      | Became a worshipper of Beogh the Brigand
  3020 | D:4      | Reached * piety under Beogh
  3020 | D:4      | Reached ** piety under Beogh
  3044 | D:4      | Reached skill level 10 in Axes
  3044 | D:4      | Reached XP level 7. HP: 20/57 MP: 7/7
  3254 | D:4      | Found a runed door.
  3350 | D:4      | Found Meqyiq's Armour Emporium.
  3460 | D:4      | Found an iron altar of Okawaru.
  3651 | D:3      | Found a shattered altar of Ashenzari.
  3653 | D:3      | Found an iron altar of Okawaru.
  4328 | D:2      | Reached skill level 1 in Armour
  5366 | D:5      | Found a burning altar of Makhleb.
  5367 | D:5      | Found a radiant altar of Vehumet.
  5417 | D:5      | Identified a +2 pair of boots of running (You found it on
                  | level 5 of the Dungeon)
  5560 | D:5      | Found Bimagiov's Antique Armour Emporium.
  5724 | D:5      | Found Moolyurul's Armour Emporium.
  5750 | D:5      | Found a glowing golden altar of the Shining One.
  5766 | D:5      | Found Xegini's Antique Armour Boutique.
  5878 | D:5      | Found a bloodstained altar of Trog.
  6195 | D:6      | Reached skill level 11 in Axes
  6220 | D:6      | Noticed Duvessa
  6221 | D:6      | Noticed Dowan
  6358 | D:5      | Reached XP level 8. HP: 4/67 MP: 8/8
  6718 | D:6      | Reached *** piety under Beogh
  6740 | D:6      | Found a staircase to the Ecumenical Temple.
  6748 | D:6      | Noticed Grinder
  6969 | D:6      | Noticed Eustachio
  6970 | D:6      | Killed Grinder
  6970 | D:6      | Reached skill level 12 in Axes
  7004 | D:6      | Killed Eustachio
  7004 | D:6      | Reached skill level 5 in Fighting
  7004 | D:6      | Reached skill level 1 in Evocations
  7192 | D:6      | Found a shadowy altar of Dithmenos.
  7258 | D:6      | Identified the +1 ring mail "Osotoec" {-Cast Str+2 Int+2
                  | Slay+2}
  7915 | D:7      | Reached XP level 9. HP: 69/74 MP: 9/9
  8113 | D:7      | Found an ancient bone altar of Kikubaaqudgha.
  8115 | D:7      | Noticed Menkaure
  8117 | D:7      | Found a basalt altar of Yredelemnul.
  8138 | D:7      | Found a transporter.
  8149 | D:7      | Noticed a two-headed ogre
  8165 | D:7      | Killed a two-headed ogre
  8165 | D:7      | Reached skill level 5 in Armour
  8326 | D:7      | Found a transporter.
  8381 | D:7      | Reached skill level 13 in Axes
  9239 | D:8      | Noticed a two-headed ogre
  9243 | D:8      | Noticed a gargoyle
  9251 | D:8      | Killed from afar by a gargoyle

Vault maps used:
D:1:      saegor_arrival_simple_c
D:2:      minmay_misc_feat_alley
D:3:      grunt_temple_overflow_open, first_ration, minmay_crystal_water,
          grunt_dithmenos_smoke
D:4:      serial_shops, shop, kennysheep_mini_moat,
          nicolae_shop_window_shopping, okawaru_trees_1, uniq_crazy_yiuf_cottage
D:5:      wander_river, grunt_temple_overflow_lords_of_destruction,
          lightli_temple_of_fire, serial_shops, shop, nicolae_shop_crystal,
          shop, shop, tso_metal_star
D:6:      kennysheep_mini, minmay_temple_entry_grid, uniq_eustachio,
          uniq_duvessa, uniq_grinder
D:7:      gammafunk_temple_of_torment, serial_rivers,
          chequers_serial_rivers_room_a, chequers_serial_rivers_large_b,
          chequers_serial_rivers_micro_d, chequers_serial_rivers_micro_d,
          chequers_serial_rivers_room_a
D:8:      minmay_tri_box, hangedman_little_slice_of_home

Skill      XL: |  1  2  3  4  5  6  7  8  9 |
---------------+----------------------------+-----
Axes           | 5 6 7 9 10 11 12 13 | 13.1
Armour         | 1 4 5 |  5.8
Fighting       | 4 5 6 |  6.3
Evocations     | 1 |  1.3
Dodging        | |  2.9
Stealth        | |  1.5

Action                   |  1- 3 |  4- 6 |  7- 9 || total
-------------------------+-------+-------+-------++-------
Melee: Hand axe          |   103 |    66 |       ||   169
       War axe           |       |    71 |   300 ||   371
Invok: Convert to Beogh  |       |     1 |       ||     1
Evoke: Wand              |       |     1 |    11 ||    12
  Use: Scroll            |       |     2 |     3 ||     5
       Potion            |       |       |     1 ||     1
 Stab: Sleeping          |     1 |     1 |       ||     2
       Distracted        |       |       |     1 ||     1
  Eat: Chunk             |     1 |     3 |    12 ||    16
       Ration            |       |     1 |     2 ||     3
Armor: Robe              |     8 |     8 |       ||    16
       Chain mail        |       |    35 |   216 ||   251
Dodge: Dodged            |    66 |    64 |   126 ||   256

Table legend:
 A = Non-vault XP
 B = Vault XP
 C = Vault XP percentage of total XP
 D = Non-vault monster count
 E = Vault monster count
 F = Vault count percentage of total count
                 A         B        C        D         E       F
            +---------+---------+-------+---------+---------+-------
      Total |    2912 |     575 |  16.5 |     132 |       4 |   2.9
            +---------+---------+-------+---------+---------+-------
        D:1 |      50 |       0 |   0.0 |      24 |       0 |   0.0
        D:2 |      79 |       0 |   0.0 |      17 |       0 |   0.0
        D:3 |     154 |       0 |   0.0 |      25 |       0 |   0.0
        D:4 |     296 |       0 |   0.0 |      13 |       0 |   0.0
        D:5 |     683 |      48 |   6.6 |      19 |       1 |   5.0
        D:6 |     493 |     474 |  49.0 |      17 |       2 |  10.5
        D:7 |     893 |       0 |   0.0 |       7 |       0 |   0.0
        D:8 |     264 |      53 |  16.7 |      10 |       1 |   9.1
            +---------+---------+-------+---------+---------+-------
